 Dungeon Crawl Stone Soup version 0.27.1-37-g7b29ead8ac (webtiles) character file.

Game seed: 16796720062622440015

9 AarnesTheHuman the Shield-Bearer (level 2, -2/24 HPs)
             Began as a Formicid Fighter on June 7, 2023.
             Slain by Terence (6 damage)
             ... on level 2 of the Dungeon.
             The game lasted 00:00:37 (425 turns).

AarnesTheHuman the Shield-Bearer (Formicid Fighter)  Turns: 425, Time: 00:00:38

Health: -2/24      AC:  6    Str: 20    XL:     2   Next: 20%
Magic:  2/2        EV:  7    Int:  7    God:
Gold:   16         SH:  9    Dex: 10    Spells: 1/1 levels left

rFire    . . .     SeeInvis +   a - +0 trident
rCold    . . .     Faith    .   c - +0 kite shield
rNeg     . . .     Spirit   .   b - +0 scale mail
rPois    .         Reflect  .   (helmet unavailable)
rElec    .         Harm     .   (no cloak)
rCorr    .         Rampage  .   (no gloves)
Will     .....                  (no boots)
Stlth    ..........             (no amulet)
HPRegen  0.08/turn              (no ring)
MPRegen  0.08/turn              (no ring)

@: no status effects
A: permanent stasis, dig shafts and tunnels, antennae 3, four strong arms
a: Dig, Shaft Self


You were on level 2 of the Dungeon.
You visited 1 branch of the dungeon, and saw 2 of its levels.

You collected 16 gold pieces.

Inventory:

Hand Weapons
 a - a +0 trident (weapon)
Missiles
 e - 19 stones
Armour
 b - a +0 scale mail (worn)
 c - a +0 kite shield (worn)
Scrolls
 f - a scroll of identify {unknown}
 g - a scroll of fear {unknown}
Potions
 d - 2 potions of might


   Skills:
 + Level 3.5 Fighting
 + Level 2.1 Polearms
 + Level 3.5 Armour
 + Level 3.7 Shields


You had one spell level left.
You didn't know any spells.
Your spell library was empty.

Dungeon Overview and Level Annotations

Branches:
Dungeon (1/15)

Altars:

Annotations:
D:2 Terence


Innate Abilities, Weirdness & Mutations

You cannot be hasted, slowed, berserked, paralysed or teleported.
You can dig through walls and to a lower floor.
You have a pair of large antennae on your head. (SInv)
Your four strong arms can wield two-handed weapons with a shield.


Message History

Terence is moderately wounded.
You block Terence's attack.
You hit Terence but do no damage.
Terence is moderately wounded.
Terence barely misses you.
You barely miss Terence.
Terence is moderately wounded.
Terence hits you with a +0 mace.
You hit Terence.
Terence is heavily wounded.
You block Terence's attack.
Terence bares his teeth.
Terence barely misses you.
Your shield prevents you from hitting Terence.
Terence is heavily wounded.
Terence closely misses you.
You hit Terence but do no damage.
Terence is heavily wounded.
Terence hits you with a +0 mace.
Your shield prevents you from hitting Terence.
Terence is heavily wounded.
Terence hits you with a +0 mace. You block Terence's attack.
You closely miss Terence.
Terence is heavily wounded.
You block Terence's attack.
You hit Terence.
Terence is heavily wounded.
Terence hits you with a +0 mace! You block Terence's attack.
You hit Terence.
Terence is severely wounded.
Terence hits you with a +0 mace.
* * * LOW HITPOINT WARNING * * *
You hit Terence.
Terence is almost dead.
Terence barely misses you.
You hit Terence but do no damage.
Terence is almost dead.
Terence says, "Don't bother to defend, it's senseless."
You block Terence's attack. Terence hits you with a +0 mace.
You die...

#..#.# ##.#.#
##################.#.#####
........................>#
##################.#####.#
##.........# #.)..P.P...#
###############..###'###.#
.......)........@#8...8#.#
################@#.###.#.#
#.#.#4#.#.# #.#.###.#.#
#.#8...8#.# #.###_###.# {
#.. ### ..# #... { ###..{


You could see Terence.

Vanquished Creatures
  A goblin (D:1)
  A hobgoblin (D:1)
  3 kobolds
  3 ball pythons (D:1)
8 creatures vanquished.

Notes
Turn   | Place    | Note
-------+----------+-------------------------------------------
     0 | D:1      | AarnesTheHuman the Formicid Fighter began the quest for the
                  | Orb.
     0 | D:1      | Reached XP level 1. HP: 18/18 MP: 1/1
   167 | D:1      | Reached XP level 2. HP: 24/24 MP: 2/2
   236 | D:1      | You fall into a shaft and drop 1 floor!
   356 | D:2      | Found a faded altar of an unknown god.
   356 | D:2      | Noticed a red devil
   407 | D:2      | Noticed Terence
   425 | D:2      | Slain by Terence

Illustrated notes

Levels and vault maps discovered:
D:1:      elethiomel_arrival_shortcut, layout_rooms
D:2:      layout_basic, dreamdust_ecumenical_altar_sealed_demon,
          minmay_split_cup_large, uniq_terence, uniq_natasha

Action                   || total
-------------------------++-------
Melee: Trident           ||    35
Armor: Scale mail        ||    10
Dodge: Dodged            ||    14
Block: Kite shield       ||    13
